 Dungeon Crawl Stone Soup version 0.29.0-4-gdea44cf6ec (webtiles) character file.

Game seed: 8426522292475273853

39 qw the Chopper (level 3, 0/21 HPs)
             Began as a Tengu Warper on Aug 28, 2022.
             Slain by a gnoll
             ... wielding a +0 halberd
              (4 damage)
             ... on level 2 of the Dungeon.
             The game lasted 00:00:09 (1001 turns).

qw the Chopper (Tengu Warper)                       Turns: 1001, Time: 00:00:10

Health: 0/21       AC:  3    Str: 13    XL:     3   Next: 47%
Magic:  7/7        EV: 12    Int: 13    God:
Gold:   30         SH:  0    Dex: 13    Spells: 6/6 levels left

rFire   . . .      SeeInvis .   Y - +1 hand axe
rCold   . . .      Faith    .   (no shield)
rNeg    . . .      Spirit   .   b - +0 leather armour
rPois   .          Reflect  .   (helmet restricted)
rElec   .          Harm     .   (no cloak)
rCorr   .          Rampage  .   (no gloves)
Will    .....                   (boots unavailable)
Stlth   +.........              (no amulet)
HPRegen 0.07/turn               (no ring)
MPRegen 0.10/turn               (no ring)

@: no status effects
A: beak, talons 3
a: no special abilities


You were on level 2 of the Dungeon.
You visited 1 branch of the dungeon, and saw 2 of its levels.

You collected 30 gold pieces.


Innate Abilities, Weirdness & Mutations

You have a beak for a mouth.
You have claws for feet.


   Skills:
 - Level 2.0 Fighting
 + Level 4.2 Axes
 - Level 1.0 Throwing
 - Level 1.1 Armour
 - Level 2.1 Dodging
 - Level 2.0 Spellcasting
 - Level 2.4 Translocations


You had 6 spell levels left.
You didn't know any spells.
Your spell library contained the following spells:

 Spells                   Type           Power      Damage    Failure   Level
 Blink                    Tloc           14%        N/A       19%         2
 Gell's Gravitas          Tloc           7%         N/A       36%         3
 Lesser Beckoning         Tloc           7%         N/A       36%         3
 Teleport Other           Tloc           7%         N/A       36%         3
 Manifold Assault         Tloc           7%         N/A       98%         5

Inventory:

Hand Weapons
 f - a +0 club
 Y - a +1 hand axe (weapon)
Armour
 b - a +0 leather armour (worn)
Potions
 g - a potion of curing

Dungeon Overview and Level Annotations

Branches:
Dungeon (2/15)

Altars:

Annotations:
D:2 Terence


Message History

The frilled lizard closely misses you.
You closely miss the frilled lizard. You claw the frilled lizard.
You kill the frilled lizard!
A goblin comes into view. It is wielding a +0 club.
The gnoll hits you from afar with a +0 halberd.
The gnoll hits you with a +0 club! Terence closely misses you.
The gnoll closely misses you.
You slash the gnoll!
The gnoll is severely wounded.
You hit the gnoll. You hit Terence but do no damage.
The gnoll completely misses you. Terence barely misses you.
The gnoll hits you with a +0 halberd.
997 ||| DRINKING potion of heal wounds.
You feel much better. The gnoll closely misses you. Terence barely misses you.
The gnoll hits you but does no damage. The gnoll closely misses you.
You hit the gnoll. You claw the gnoll.
You kill the gnoll!
You hit the gnoll but do no damage. You hit Terence but do no damage.
You hit the gnoll. The gnoll hits you but does no damage.
Terence closely misses you. The gnoll barely misses you.
Your Axes skill increases to level 4!
You closely miss the gnoll.
The gnoll is lightly wounded.
You hit Terence. You hit the gnoll but do no damage. You hit the goblin.
You kill the goblin!
You feel your willpower return. The gnoll hits you with a +0 club.
Terence hits you with a +0 trident! The gnoll closely misses you.
You barely miss Terence. You claw Terence, but do no damage.
Terence is moderately wounded.
You hit the gnoll but do no damage. You hit the gnoll.
The gnoll hits you with a +0 club! Terence barely misses you.
The gnoll closely misses you.
You hit the gnoll. Your kick misses the gnoll.
The gnoll is heavily wounded.
You hit the gnoll. You hit Terence but do no damage.
The gnoll barely misses you. Terence barely misses you.
The gnoll hits you with a +0 halberd.
You die...

.....P..####
P...P.P....#
..P........#
...P.PP....#
.....PP....#
.P.........####
....P.)g......+
#...g@...####
#...@)......#
#........##.#
#......<....#
#........####
#.#.#......
#.#.#.###### #
#.#.. #.


You could see Terence and 2 gnolls.

Vanquished Creatures
  A gnoll (D:2)
  2 ball pythons (D:1)
  3 endoplasms (D:1)
  A giant cockroach (D:1)
  7 goblins
  A hobgoblin (D:1)
  2 quokkas (D:1)
  A bat (D:1)
  2 frilled lizards
  4 kobolds (D:1)
  4 rats (D:1)
28 creatures vanquished.

Notes
Turn   | Place    | Note
-------+----------+-------------------------------------------
     0 | D:1      | qw the Tengu Warper began the quest for the Orb.
     0 | D:1      | Reached XP level 1. HP: 12/12 MP: 4/4
     0 | D:1      | 0 ||| qw: Version: 0.1-a-89-g26bdef1
     0 | D:1      | 0 ||| qw: Game counter: 548
     0 | D:1      | 0 ||| qw: Always use a shield: true
     0 | D:1      | 0 ||| qw: God list: Okawaru
     0 | D:1      | 0 ||| qw: Allow faded altars: false
     0 | D:1      | 0 ||| qw: Do Orc after D:15 true
     0 | D:1      | 0 ||| qw: Do second Lair branch before Depths: true
     0 | D:1      | 0 ||| qw: Lair rune preference: random
     0 | D:1      | 0 ||| qw: Plans: Normal
     0 | D:1      | 0 ||| PLANNING D:1-11
    10 | D:1      | 10 ||| Stepping ~*~*~tactically~*~*~ (stealth).
    14 | D:1      | 14 ||| Stepping ~*~*~tactically~*~*~ (stealth).
    16 | D:1      | 16 ||| Stepping ~*~*~tactically~*~*~ (stealth).
   229 | D:1      | Reached XP level 2. HP: 14/17 MP: 6/6
   290 | D:1      | Reached skill level 3 in Axes
   297 | D:1      | 297 ||| Stepping ~*~*~tactically~*~*~ (stealth).
   301 | D:1      | 301 ||| Stepping ~*~*~tactically~*~*~ (stealth).
   302 | D:1      | 302 ||| Stepping ~*~*~tactically~*~*~ (stealth).
   303 | D:1      | 303 ||| Stepping ~*~*~tactically~*~*~ (stealth).
   313 | D:1      | 313 ||| Stepping ~*~*~tactically~*~*~ (stealth).
   314 | D:1      | 314 ||| Stepping ~*~*~tactically~*~*~ (stealth).
   316 | D:1      | 316 ||| Stepping ~*~*~tactically~*~*~ (stealth).
   317 | D:1      | 317 ||| Stepping ~*~*~tactically~*~*~ (stealth).
   318 | D:1      | 318 ||| Stepping ~*~*~tactically~*~*~ (stealth).
   319 | D:1      | 319 ||| Stepping ~*~*~tactically~*~*~ (stealth).
   378 | D:1      | Found a faded altar of an unknown god.
   412 | D:1      | 412 ||| Stepping ~*~*~tactically~*~*~ (stealth).
   415 | D:1      | 415 ||| Stepping ~*~*~tactically~*~*~ (stealth).
   752 | D:1      | Reached XP level 3. HP: 21/21 MP: 7/7
   969 | D:1      | 969 ||| DROPPING amulet of faith.
   970 | D:1      | 970 ||| READING 2 scrolls labelled CONNATHRAGI.
   971 | D:1      | 971 ||| READING scroll labelled XUKON CYNUDESS.
   972 | D:1      | 972 ||| READING scroll labelled MOZXANNAMMO.
   973 | D:1      | 973 ||| DRINKING 2 purple potions.
   974 | D:1      | 974 ||| DRINKING 2 golden potions.
   975 | D:1      | 975 ||| DROPPING scroll of vulnerability.
   976 | D:1      | 976 ||| DROPPING scroll of blinking.
   991 | D:2      | Noticed Terence
   996 | D:2      | HP: 3/21 [gnoll/+0 halberd (5)]
   997 | D:2      | 997 ||| DRINKING potion of heal wounds.
   999 | D:2      | Reached skill level 4 in Axes
  1001 | D:2      | Slain by a gnoll

Levels and vault maps discovered:
D:1:      wander_arrival_abandoned_jail, layout_rooms,
          dreamdust_ecumenical_altar_statues
D:2:      layout_basic, grunt_ministairs_13, nicolae_grassy_gnolls,
          uniq_crazy_yiuf_cottage, uniq_terence, uniq_jessica

Skill      XL: |  1  2  3 |
---------------+----------+-----
Axes           | 3 4 |  4.2
Fighting       | |  2.0
Throwing       | |  1.0
Armour         | |  1.1
Dodging        | |  2.1
Spellcasting   | |  2.0
Translocations | |  2.4

Action                   || total
-------------------------++-------
Melee: Hand axe          ||    60
       Peck              ||     8
       Kick              ||    10
Throw: Boomerang         ||     7
  Use: Scroll            ||     3
       Potion            ||     3
Armor: Leather armour    ||     6
Dodge: Dodged            ||    42

Table legend:
 A = Non-vault XP
 B = Vault XP
 C = Vault XP percentage of total XP
 D = Non-vault monster count
 E = Vault monster count
 F = Vault count percentage of total count
                 A         B        C        D         E       F
            +---------+---------+-------+---------+---------+-------
      Total |      44 |      13 |  22.8 |      27 |       1 |   3.6
            +---------+---------+-------+---------+---------+-------
        D:1 |      41 |       0 |   0.0 |      25 |       0 |   0.0
        D:2 |       3 |      13 |  81.2 |       2 |       1 |  33.3
            +---------+---------+-------+---------+---------+-------
